 Dungeon Crawl Stone Soup version 0.31.0-12-g77e489cdc1 (webtiles) character file.

Game seed: 18122608653188421209

6337 Killerpretzel the Mimic (level 10, -17/71 HPs)
             Began as an Octopode Shapeshifter on Mar 6, 2024.
             Was a Believer of Vehumet.
             Demolished by a death yak (26 damage)
             ... on level 9 of the Dungeon.
             The game lasted 00:15:51 (10259 turns).

Killerpretzel the Mimic (Octopode Shapeshifter)    Turns: 10259, Time: 00:15:51

Health: -17/71     AC:  1    Str: 13    XL:     10   Next: 96%
Magic:  0/10       EV: 18    Int: 19    God:    Vehumet [**....]
Gold:   764        SH:  0    Dex: 16    Spells: 9/9 levels left

rFire   . .          .
                       - Unarmed
rCold   . . .        (no shield)
rNeg    . . .        (helmet currently unavailable)
rPois   .            f - amulet of guardian spirit
rElec   .            u - +6 ring of intelligence
rCorr   .            (no ring)
SInv    .            (no ring)
Will    .....        (no ring)
Stlth   ++           (no ring)
HPRegen 0.31/turn    (no ring)
MPRegen 0.12/turn    (no ring)
                     (no ring)

%: guardian spirit
@: beast-form, hasted, studying Dodging, very quick
A: beast (slay +4), almost no armour, amphibious, 8 rings, camouflage 1,
gelatinous body 1, (nimble swimmer 1), tentacles
a: Begin Untransformation, Renounce Religion


You were on level 9 of the Dungeon.
You worshipped Vehumet.
Vehumet was pleased with you.
You were a hulking beast.
You visited 1 branch of the dungeon, and saw 9 of its levels.
You also visited: Ossuary.

You collected 764 gold pieces.

Inventory:

Missiles
 p - 9 boomerangs (quivered)
Jewellery
 f - an amulet of guardian spirit (around mantle)
 h - an amulet of faith
 k - a ring of fire
 r - an amulet of magic regeneration
 u - a +6 ring of intelligence (left tentacle)
Talismans
 b - a beast talisman
 c - a flux talisman
Wands
 a - a wand of quicksilver (12)
Scrolls
 d - a scroll of fog
 e - 3 scrolls of immolation
 l - a scroll of enchant weapon
 n - a scroll of poison
 o - a scroll of enchant armour
 t - a scroll of vulnerability
 w - a scroll of revelation
Potions
 i - a potion of enlightenment
 j - 8 potions of curing
 m - a potion of brilliance
 s - a potion of resistance {unknown}
 v - a potion of might {unknown}
 x - a potion of cancellation {unknown}
 z - a potion of mutation {unknown}


   Skills:
 + Level 7.2 Fighting
 + Level 8.9 Dodging
 + Level 7.9 Unarmed Combat
 * Level 10.0 Shapeshifting


You had 9 spell levels left.
You didn't know any spells.
Your spell library contained the following spells:

 Spells                   Type           Power      Damage    Failure   Level
 Static Discharge         Conj/Air       0%         3-3/arc   30%         2
 Foxfire                  Conj/Fire      0%         2x1d4     21%         1
 Fugue of the Fallen      Necr           0%         N/A       52%         3
 Ozocubu's Armour         Ice            0%         N/A       52%         3
 Manifold Assault         Tloc           0%         N/A       90%         4
 Plasma Beam              Fire/Air       0%         2x1d10    100%        6
 Starburst                Conj/Fire      0%         6d3       100%        6


Dungeon Overview and Level Annotations

Branches:
Dungeon (9/15)             Temple (0/1) D:6            Lair (0/5) D:9
Ossuary (visited)
    Orc: D:9-12

Altars:
Ashenzari
Dithmenos
Fedhas
Kikubaaqudgha
Vehumet
Xom
Yredelemnul
Zin

Shops:
D:1 (   D:8 ?

Annotations:
D:7 exclusion: cyclops, Maggie
D:8 exclusions: obsidian statue and two-headed ogre, Maurice


Innate Abilities, Weirdness & Mutations

You are a hulking beast.
Your limbs bulge with bestial killing power. (Slay +4)
You cannot wear most types of armour.
You are amphibious.
You can wear up to eight rings at the same time.
Your skin changes colour to match your surroundings (Stealth+).
Your rubbery body absorbs attacks. (AC +1, EV +1)
((You are camouflaged when in or above water. (Stealth+)))
You have tentacles for arms and can constrict up to eight enemies at once.


Message History

You tentacle-slap the death yak.
The death yak is lightly wounded.
The death yak gores you!
* * * LOW HITPOINT WARNING * * *
You barely miss the death yak.
The death yak is lightly wounded.
The death yak misses you.
You bludgeon the death yak! You squeeze the death yak.
The death yak is moderately wounded.
You tentacle-slap the death yak but do no damage.
You squeeze the death yak, but do no damage.
The death yak is moderately wounded.
The yak is engulfed in poison gas.
The yak is poisoned.
The death yak gores you.
* * * LOW HITPOINT WARNING * * *
You bludgeon the death yak!
You squeeze the death yak, but do no damage.
The death yak is heavily wounded.
You tentacle-slap the death yak. You squeeze the death yak.
The death yak is heavily wounded.
The yak is engulfed in poison gas.
The yak looks even sicker.
The death yak gores you.
* * * LOW HITPOINT WARNING * * *
You tentacle-slap the death yak but do no damage.
The death yak is heavily wounded.
You bludgeon the death yak!
The death yak is severely wounded.
The yak looks even sicker.
The death yak gores you.
You tentacle-slap the death yak.
The death yak is severely wounded.
The yak is engulfed in poison gas.
The yak looks as sick as possible!
The death yak gores you.
* * * LOW HITPOINT WARNING * * *
You tentacle-slap the death yak.
The death yak is severely wounded.
You tentacle-slap the death yak but do no damage.
The death yak is severely wounded.
The yak is engulfed in poison gas.
The yak looks as sick as possible!
The death yak gores you!!
You die...

.. ##..#.## ##..#........#
.## ##.##.##
##.#.....##### #.#
#.###.§####..#..#..# #.##
##.# ##§☼#....##.##.##
#..####.##
##☼..#..##.##..#
##...##..#
###§####..#....##
#..##...#####§§§#
#......##
..##.....§§§☼☼§☼##
##...###
..#....#...#####h# #...#
÷....#.#..## #Y## #...#
#.#.##...## #YY###...##
..........## ##.☼§.......
)#.........####☼○§§§.....#
##.............§§§○☼§....#
.............#######§...#
............## §☼...
....>......Y# ....


You could see a death yak and 2 yaks.

Vanquished Creatures
  2 death yaks (D:9)
  Pikel (D:8)
  A manticore (D:7)
  An ugly thing (D:7)
  2 yaks (D:9)
  A wyvern (D:7)
  A water moccasin (D:8)
  3 sky beasts
  2 ice beasts
  2 black bears (D:4)
  2 orc warriors
  2 ogres
  3 centaurs
  A phantom (D:7)
  3 lemures (D:8)
  2 elf zombies (Ossuary)
  2 weeping skulls (Ossuary)
  2 kobold brigands
  A bullfrog (D:7)
  A gnoll sergeant (D:7)
  2 scorpions
  A burial acolyte (D:6)
  3 wights (D:8)
  3 killer bees (D:9)
  3 electric eels (D:8)
  2 howler monkeys (D:7)
  2 jellies
  5 hounds
  A gnoll bouda (D:7)
  A human zombie (Ossuary)
  3 orc priests
  4 sleepcaps
  5 iguanas
  3 orc wizards
  3 hell rats (D:9)
  2 mummies (Ossuary)
  A hound zombie (D:6)
  6 gnolls
  5 adders
  A river rat (D:9)
  2 shadow imps (D:6)
  A white imp (D:5)
  An ufetubus (D:7)
  3 adder zombies
  4 dart slugs
  21 orcs
  3 ball pythons
  7 endoplasms
  3 giant cockroaches
  7 goblins
  3 hobgoblins
  14 kobolds
  4 quokkas
  5 bats
  5 frilled lizards
  A gnoll zombie (D:6)
  4 kobold zombies
  6 rats
185 creatures vanquished.

Notes
Turn   | Place    | Note
-------+----------+-------------------------------------------
     0 | D:1      | Killerpretzel the Octopode Shapeshifter began the quest for
                  | the Orb.
     0 | D:1      | Reached XP level 1. HP: 13/13 MP: 1/1
   727 | D:1      | Reached XP level 2. HP: 10/18 MP: 2/2
   791 | D:1      | Found a faded altar of an unknown god.
   845 | D:1      | Found Guhi's Antique Weapon Boutique.
  1143 | D:2      | Reached XP level 3. HP: 23/23 MP: 3/3
  1694 | D:3      | Reached XP level 4. HP: 29/29 MP: 4/4
  2076 | D:3      | Reached skill level 4 in Shapeshifting
  2076 | D:3      | Reached XP level 5. HP: 17/34 MP: 2/5
  2524 | D:4      | Noticed a black bear
  2535 | D:4      | Killed a black bear
  2576 | D:4      | Found a shimmering altar of Xom.
  2652 | D:4      | Noticed a black bear
  2658 | D:4      | Killed a black bear
  2659 | D:4      | Reached XP level 6. HP: 30/41 MP: 4/6
  3010 | D:4      | Found a glowing silver altar of Zin.
  3013 | D:4      | Found a blossoming altar of Fedhas.
  3015 | D:4      | Found a shadowy altar of Dithmenos.
  3104 | D:4      | Reached skill level 5 in Shapeshifting
  3200 | D:4      | Reached XP level 7. HP: 39/46 MP: 7/7
  3468 | D:4      | Found a radiant altar of Vehumet.
  3698 | D:4      | Found a basalt altar of Yredelemnul.
  3709 | D:4      | Became a worshipper of Vehumet
  3873 | D:5      | Entered Level 5 of the Dungeon
  4603 | D:5      | Found a sand-covered staircase.
  4607 | Ossuary  | Entered an ossuary
  4607 | Ossuary  | Found a huge runed translucent gate.
  4607 | Ossuary  | Found a huge runed translucent gate.
  4607 | Ossuary  | Found a huge runed translucent gate.
  4607 | Ossuary  | Found a huge runed translucent gate.
  4607 | Ossuary  | Found a huge runed translucent gate.
  4607 | Ossuary  | Found a huge runed translucent gate.
  4607 | Ossuary  | Found a huge runed translucent gate.
  4607 | Ossuary  | Found a huge runed translucent gate.
  4607 | Ossuary  | Found a huge runed translucent gate.
  4608 | Ossuary  | Found a huge runed translucent gate.
  4608 | Ossuary  | Found a huge runed translucent gate.
  4609 | Ossuary  | Found a huge runed translucent gate.
  4609 | Ossuary  | Found a huge runed translucent gate.
  4611 | Ossuary  | Found a huge runed translucent gate.
  4611 | Ossuary  | Found a huge runed translucent gate.
  4675 | Ossuary  | Found a huge runed translucent gate.
  4675 | Ossuary  | Found a huge runed translucent gate.
  4675 | Ossuary  | Found a huge runed translucent gate.
  4675 | Ossuary  | Found a huge runed translucent gate.
  4678 | Ossuary  | Found a huge runed translucent gate.
  4678 | Ossuary  | Found a huge runed translucent gate.
  4678 | Ossuary  | Found a huge runed translucent gate.
  4680 | Ossuary  | Found a huge runed translucent gate.
  4680 | Ossuary  | Found a huge runed translucent gate.
  4681 | Ossuary  | Found a huge runed translucent gate.
  4681 | Ossuary  | Found a huge runed translucent gate.
  4682 | Ossuary  | Found a huge runed translucent gate.
  4682 | Ossuary  | Found a huge runed translucent gate.
  4684 | Ossuary  | Found a huge runed translucent gate.
  4684 | Ossuary  | Found a huge runed translucent gate.
  4724 | Ossuary  | Reached skill level 5 in Unarmed Combat
  4724 | Ossuary  | Reached XP level 8. HP: 42/54 MP: 8/8
  4821 | Ossuary  | Found a huge runed translucent gate.
  4821 | Ossuary  | Found a huge runed translucent gate.
  4821 | Ossuary  | Found a huge runed translucent gate.
  4821 | Ossuary  | Found a huge runed translucent gate.
  4821 | Ossuary  | Found a huge runed translucent gate.
  4840 | Ossuary  | Reached skill level 6 in Shapeshifting
  5296 | D:6      | Reached * piety under Vehumet
  5296 | D:6      | Offered knowledge of Freeze by Vehumet.
  5610 | D:6      | Found an ancient bone altar of Kikubaaqudgha.
  5619 | D:6      | Reached skill level 5 in Dodging
  5850 | D:6      | Reached skill level 7 in Shapeshifting
  5971 | D:6      | Found a staircase to the Ecumenical Temple.
  6391 | D:7      | Reached XP level 9. HP: 60/60 MP: 9/9
  6462 | D:7      | Noticed a manticore
  6462 | D:7      | Noticed a green ugly thing
  6478 | D:7      | Killed a green ugly thing
  6479 | D:7      | Reached skill level 5 in Fighting
  6490 | D:7      | Killed a manticore
  6768 | D:7      | Reached skill level 8 in Shapeshifting
  6809 | D:7      | Noticed Maggie
  6816 | D:7      | Noticed a cyclops
  7650 | D:7      | Offered knowledge of Static Discharge by Vehumet.
  7651 | D:7      | Reached XP level 10. HP: 54/68 MP: 7/10
  7782 | D:7      | Found a broken altar of Ashenzari.
  7966 | D:7      | Reached ** piety under Vehumet
  8566 | D:8      | Noticed a two-headed ogre
  8667 | D:8      | Found Xurut's Magic Scroll Boutique.
  8713 | D:8      | Noticed Pikel
  8741 | D:8      | Killed Pikel
  8742 | D:8      | Reached skill level 9 in Shapeshifting
  9080 | D:8      | Noticed Maurice
  9223 | D:8      | Noticed an obsidian statue
  9893 | D:9      | Noticed a death yak
  9894 | D:9      | Noticed a death yak
  9919 | D:9      | Killed a death yak
  9932 | D:9      | Killed a death yak
 10207 | D:9      | Found a staircase to the Lair.
 10235 | D:9      | Noticed a death yak
 10248 | D:9      | Reached skill level 10 in Shapeshifting
 10259 | D:9      | Demolished by a death yak

Illustrated notes

Levels and vault maps discovered:
D:1:      psy_arrival_radial01, layout_basic, serial_shops,
          nicolae_shop_dealshenge, hellmonk_ecumenical_altar_defaced_shrine
D:2:      layout_basic
D:3:      layout_basic, minmay_box_of_dots
D:4:      layout_cave_pods, kennysheep_mini_moat,
          nicolae_overflow_hidden_temple, chequers_decorated_corner
D:5:      layout_rooms, enter_ossuary_5
D:6:      layout_loops_corners, regret_index_kikubaaqudgha_part_by_part,
          minmay_temple_entry_fiery
D:7:      layout_loops_ring, marbit_many_paths, minmay_manual_mullet,
          uniq_maggie
D:8:      statuecave_lemuel, layout_rooms, serial_shops, shop,
          nicolae_tricolors, uniq_pikel, uniq_maurice
D:9:      layout_layer_cave, dpeg_lair_monsters, chequers_serial_rivers_small_3

Skill      XL: |  1  2  3  4  5  6  7  8  9 10 |
---------------+-------------------------------+-----
Fighting       | 2 3 4 6 7 |  7.2
Shapeshifting  | 4 5 7 8 10 | 10.0
Dodging        | 3 4 5 7 8 |  8.9
Unarmed Combat | 4 5 6 7 |  7.9

Action                     |  1- 3 |  4- 6 |  7- 9 | 10-12 || total
---------------------------+-------+-------+-------+-------++-------
  Melee: Unarmed           |    63 |    67 |   251 |   181 ||   562
         Tentacles         |    14 |    17 |    70 |    57 ||   158
         Constrict         |    15 |    19 |    50 |    32 ||   116
         Punch             |     1 |       |    16 |    13 ||    30
  Throw: Boomerang         |       |       |    14 |       ||    14
    Use: Scroll            |     6 |     1 |     8 |     4 ||    19
         Potion            |       |       |     2 |     2 ||     4
   Stab: Sleeping          |     8 |     2 |     6 |     2 ||    18
         Distracted        |       |       |     1 |     1 ||     2
 Armour: Skin              |    25 |    34 |   131 |    55 ||   245
  Dodge: Dodged            |    25 |    39 |   121 |    93 ||   278
